 Dungeon Crawl Stone Soup version 0.30.0-5-g1a98f26d00 (webtiles) character file.

Game seed: 6218452932602097446

1049 backslashecho the Cleaver (level 8, -7/69 HPs)
             Began as a Hill Orc Fighter on May 11, 2023.
             Was a Priest of Kikubaaqudgha.
             Mangled by a gnoll bouda
             ... wielding a +1 whip of electrocution
              (19 damage)
             ... on level 5 of the Dungeon.
             The game lasted 00:11:34 (4924 turns).

backslashecho the Cleaver (Hill Orc Fighter)        Turns: 4924, Time: 00:11:34

Health: -7/69      AC:  6    Str: 21    XL:     8   Next: 25%
Magic:  8/8        EV:  9    Int:  8    God:    Kikubaaqudgha [***...]
Gold:   142        SH:  5    Dex: 10    Spells: 7/7 levels left

rFire   . . .        a - +0 war axe
rCold   . . .        c - +0 buckler
rNeg    . . .        b - +0 scale mail
rPois   .            (no helmet)
rElec   .            h - scarf {repulsion}
rCorr   .            (no gloves)
SInv    +            (no boots)
Will    .....        (no amulet) Stlth
                     y - ring of see invisible
HPRegen 0.31/turn    (no ring)
MPRegen 0.11/turn

%: repel missiles
@: no status effects
A: no striking features
a: Renounce Religion, Unearth Wretches


You were on level 5 of the Dungeon.
You worshipped Kikubaaqudgha.
Kikubaaqudgha was most pleased with you.
You visited 2 branches of the dungeon, and saw 6 of its levels.

You collected 142 gold pieces.

Inventory:

Hand Weapons
 a - a +0 war axe (weapon)
 i - a +2 flail of draining
Armour
 b - a +0 scale mail (worn)
 c - a +0 buckler (worn)
 e - a +2 kite shield
 h - a scarf of repulsion (worn)
Jewellery
 t - a ring of fire
 y - a ring of see invisible (left hand)
Wands
 d - a wand of flame (15)
Scrolls
 g - 2 scrolls of identify
 j - a scroll of noise {unknown}
 l - 2 scrolls of fear {unknown}
 n - a scroll of blinking {unknown}
 q - 2 scrolls of fog {unknown}
 r - a scroll of enchant armour {unknown}
 z - 2 scrolls of magic mapping
 A - a scroll of brand weapon {unknown}
 B - a scroll of poison {unknown}
Potions
 f - a potion of attraction {unknown}
 k - a potion of flight {unknown}
 m - a potion of curing
 o - 3 potions of ambrosia
 p - 2 potions of magic {unknown}
 s - 2 potions of mutation {unknown}
 u - a potion of degeneration {unknown}
 v - a potion of brilliance {unknown}
 w - a potion of lignification {unknown}
 x - a potion of haste {unknown}


   Skills:
 - Level 5.5 Fighting
 * Level 8.7 Axes
 - Level 3.3 Armour
 + Level 5.9 Shields
 - Level 1.0 Unarmed Combat
 + Level 3.4 Necromancy


You had 7 spell levels left.
You didn't know any spells.
Your spell library contained the following spells:

 Spells                   Type           Power      Damage    Failure   Level
 Necrotise                Necr           20%        1d5       34%         1
 Kiss of Death            Conj/Necr      8%         2d6       56%         1
 Vampiric Draining        Necr           5%         2d6       71%         3
 Sandblast                Erth           0%         2d4       80%         1
 Passwall                 Tmut/Erth      0%         N/A       91%         2
 Animate Dead             Necr           5%         N/A       98%         4
 Dispel Undead            Necr           5%         3d7       98%         4
 Stone Arrow              Conj/Erth      0%         3d7       99%         3
 Petrify                  Tmut/Erth      0%         N/A       100%        4
 Agony                    Necr           5%         N/A       100%        5
 Borgnjor's Vile Clutch   Necr/Erth      1%         N/A       100%        5
 Fireball                 Conj/Fire      0%         3d3       100%        5
 Iskenderun's Battlesphe  Conj           0%         2d6       100%        5
 Metabolic Englaciation   Hex/Ice        0%         N/A       100%        5
 Conjure Ball Lightning   Conj/Air       0%         3x3d6     100%        6
 Simulacrum               Ice/Necr       1%         N/A       100%        6
 Statue Form              Tmut/Erth      0%         N/A       100%        6
 Orb of Destruction       Conj           0%         9d5       100%        7


Dungeon Overview and Level Annotations

Branches:
Dungeon (5/15)             Temple (1/1) D:4

Altars:
Ashenzari
Cheibriados
Dithmenos
Elyvilon
Fedhas
Gozag
Kikubaaqudgha
Makhleb
Nemelex Xobeh
Okawaru
Trog
Uskayaw
Vehumet
Wu Jian
Xom
Yredelemnul
Zin
The Shining One

Annotations:
D:5 Pikel


Message History

The gnoll bouda gazes fiercely through you!
You feel your attacks grow feeble. The adder bites you but does no damage.
You take 1 damage, and have 45/69 hp.
The gnoll bouda attacks as you move away!
The gnoll bouda hits you with a +1 whip of electrocution.
You see here a hound corpse.
You take 5 damage, and have 40/69 hp.
You closely miss the gnoll bouda.
The gnoll bouda hits you with a +1 whip of electrocution.
You are electrocuted!
You take 16 damage, and have 24/69 hp.
MASSIVE DAMAGE!!
You slash the gnoll bouda!
The gnoll bouda is heavily wounded.
The gnoll bouda hits you with a +1 whip of electrocution!
* * * LOW HITPOINT WARNING * * *
The gnoll bouda closely misses you.
You take 7 damage, and have 17/69 hp.
You feel better.
The gnoll bouda hits you with a +1 whip of electrocution.
* * * LOW HITPOINT WARNING * * *
You regained 2 hp, and now have 19/69 hp.
You feel better. The gnoll bouda closely misses you.
You regained 7 hp, and now have 26/69 hp.
Okay, then.
As you read the scroll labelled OTIERI PU GAIM, it crumbles to dust.
It is a scroll of identify.
o - 3 potions of ambrosia Your attacks no longer feel as feeble.
The gnoll bouda hits you with a +1 whip of electrocution!
* * * LOW HITPOINT WARNING * * *
You are electrocuted!
* * * LOW HITPOINT WARNING * * *
You take 20 damage, and have 6/69 hp.
MASSIVE DAMAGE!!
Okay, then.
Okay, then.
Okay, then.
As you read the scroll labelled RIARILUEFY, it crumbles to dust.
You feel aware of your surroundings.
It was a scroll of magic mapping.
The gnoll bouda completely misses you.
Okay, then.
You feel better. The gnoll bouda barely misses you.
You regained 6 hp, and now have 12/69 hp.
You closely miss the gnoll bouda.
The gnoll bouda is heavily wounded.
The gnoll bouda hits you with a +1 whip of electrocution.
* * * LOW HITPOINT WARNING * * *
You are electrocuted!!
You die...
Kikubaaqudgha rasps: "You have failed me!
Welcome... death!"

,**,*,**,,,**,*,*#.......###.##..
,*,,*..##'##.)*,,#...........##..
,*,**....#....**,#....#......##..
,*,,*#.......#*,,#....#..........
,*,,,+.......',,,#.#**#.(######..
,*,,*#.......##,,#.# #..# #..
,*,**....8....##,#.####..# ###
,***,.........l###...##..#
,,,,,........oSg@..#.##..#
,****##.....######.......#
,*,,,.'#...#',,,,#...###.#
,**,,,,##.#*,,,,*#..## #.#
,**,,,,*#.**,,,,*#.## #.#
,****,,,#,*,,,***#.## #.#
,*******#.########..# #.#
,,,,,,,,............####.#
********#................#


You could see a gnoll bouda, an iguana, an adder and an orc.

Vanquished Creatures
  A black bear (D:3)
  An ogre (D:4)
  2 phantoms
  A lemure (D:4)
  A scorpion (D:5)
  3 wights (D:3)
  A crimson imp (D:4)
  3 hounds (D:5)
  A sleepcap (D:4)
  An orc priest (D:3)
  An iguana (D:4)
  2 orc wizards
  4 adders
  8 gnolls
  2 ufetubi
  3 worms
  4 dart slugs
  11 orcs
  6 bats (D:1)
  7 endoplasms
  5 giant cockroaches
  15 goblins
  8 hobgoblins
  A jackal (D:4)
  2 quokkas
  11 ball pythons
  3 frilled lizards
  A goblin skeleton (D:4)
  2 hobgoblin zombies (D:4)
  9 kobolds
  4 kobold skeletons (D:4)
  2 kobold zombies (D:4)
  An orc skeleton (D:4)
  6 rats
133 creatures vanquished.

Notes
Turn   | Place    | Note
-------+----------+-------------------------------------------
     0 | D:1      | backslashecho the Hill Orc Fighter began the quest for the
                  | Orb.
     0 | D:1      | Reached XP level 1. HP: 19/19 MP: 1/1
   146 | D:1      | Reached XP level 2. HP: 27/27 MP: 2/2
   157 | D:1      | Reached skill level 3 in Axes
   157 | D:1      | Reached skill level 1 in Unarmed Combat
   597 | D:1      | Reached XP level 3. HP: 33/33 MP: 3/3
  1144 | D:2      | Reached skill level 4 in Axes
  1238 | D:2      | Found a glowing silver altar of Zin.
  1306 | D:2      | Reached XP level 4. HP: 40/40 MP: 4/4
  2039 | D:3      | Found a broken altar of Ashenzari.
  2063 | D:3      | Noticed a phantom
  2229 | D:2      | Killed a phantom
  2230 | D:2      | Reached skill level 5 in Axes
  2230 | D:2      | Reached XP level 5. HP: 32/47 MP: 5/5
  2367 | D:3      | Found a faded altar of an unknown god.
  2377 | D:3      | Prayed at the altar of an unknown god.
  2377 | D:3      | Became a worshipper of Kikubaaqudgha
  2377 | D:3      | Reached * piety under Kikubaaqudgha
  2377 | D:3      | Received a gift from Kikubaaqudgha
  2592 | D:4      | Noticed a black bear
  2605 | D:3      | Killed a black bear
  2606 | D:3      | Reached skill level 5 in Fighting
  2606 | D:3      | Reached XP level 6. HP: 48/56 MP: 6/6
  2650 | D:4      | Reached skill level 1 in Necromancy
  2690 | D:4      | Reached skill level 6 in Axes
  3066 | D:3      | Reached XP level 7. HP: 36/61 MP: 7/7
  3362 | D:3      | Reached skill level 7 in Axes
  3362 | D:3      | Reached skill level 5 in Shields
  3588 | D:4      | Reached ** piety under Kikubaaqudgha
  3633 | D:4      | Found a glowing golden altar of the Shining One.
  3831 | D:4      | Found a staircase to the Ecumenical Temple.
  3840 | Temple   | Entered the Ecumenical Temple
  4150 | D:5      | Entered Level 5 of the Dungeon
  4269 | D:5      | Reached skill level 8 in Axes
  4331 | D:5      | Found a shimmering altar of Xom.
  4389 | D:5      | Reached XP level 8. HP: 38/69 MP: 8/8
  4554 | D:5      | Reached *** piety under Kikubaaqudgha
  4554 | D:5      | Received a gift from Kikubaaqudgha
  4716 | D:5      | Noticed Pikel
  4924 | D:5      | Mangled by a gnoll bouda

Illustrated notes

Levels and vault maps discovered:
D:1:      onia_arrival_pyramid, layout_basic, item_on_display_a
D:2:      minmay_general_purpose_star, layout_loops_ring, basic_altar
D:3:      layout_basic, lemuel_doored_altar, basic_ecumenical_altar,
          minmay_misc_feat_enclosed
D:4:      minmay_chambers_of_threes, layout_loops_ring,
          nicolae_tso_besieged_by_evil, minmay_temple_entry_poolview,
          minmay_between
D:5:      lemuel_ice_spiral_2, layout_basic, mainiacjoe_overflow_brackets,
          kennysheep_another_room, minmay_pentangle, uniq_crazy_yiuf_cottage,
          uniq_pikel
Temple:   minmay_freezing_vapour_temple

Skill      XL: |  1  2  3  4  5  6  7 |
---------------+----------------------+-----
Axes           | 3 4 5 6 8 |  8.7
Unarmed Combat | 1 |  1.0
Fighting       | 4 5 |  5.5
Shields        | 4 5 |  5.9
Necromancy     | 1 3 |  3.4
Armour         | |  3.3

Action                     |  1- 3 |  4- 6 |  7- 9 || total
---------------------------+-------+-------+-------++-------
  Melee: War axe           |   104 |   137 |   178 ||   419
    Use: Potion            |       |     1 |     4 ||     5
         Scroll            |       |     1 |     2 ||     3
 Armour: Scale mail        |    50 |    59 |    56 ||   165
  Dodge: Dodged            |    47 |    59 |    77 ||   183
         Repelled          |     1 |       |     1 ||     2
  Block: Buckler           |    30 |    31 |    30 ||    91
